 Dungeon Crawl Stone Soup version 0.30.0-30-g96aa6591b8 (webtiles) character file.

Game seed: 17523970891022406457

5 AgateBread the Sneak (level 1, 0/19 HPs)
             Began as a Ghoul Delver on June 28, 2023.
             Slain by a worm (2 damage)
             ... on level 4 of the Dungeon.
             The game lasted 00:04:28 (175 turns).

AgateBread the Sneak (Ghoul Delver)                  Turns: 175, Time: 00:04:29

Health: 0/19       AC:  3    Str: 15    XL:     1   Next: 80%
Magic:  0/0        EV: 11    Int:  7    God:
Gold:   13         SH:  0    Dex: 14    Spells: 0/0 levels left

rFire   . . .        c - +7 flail of Veosarho {heavy, rN+ Int+2 Dex+4 Stlth-}
rCold   + . .        (no shield)
rNeg    + + +        a - +0 leather armour
rPois   ∞            (no helmet)
rElec   .            (no cloak)
rCorr   .            (no gloves)
SInv    .            (no boots)
Will    .....        (no amulet)
Stlth   ++           (no ring)
HPRegen 0.00/turn    (no ring)
MPRegen 0.07/turn

%: no passive effects
@: inhibited regen, hasted, very quick
A: claws 1, cold resistance 1, negative energy resistance 3, inhibited
regeneration, torment resistance 2, devour on kill
a: no special abilities


You were on level 4 of the Dungeon.
You visited 1 branch of the dungeon, and saw 2 of its levels.

You collected 13 gold pieces.

Inventory:

Hand Weapons
 c - the +7 flail of Veosarho (weapon) {heavy, rN+ Int+2 Dex+4 Stlth-}
   (You found it on level 4 of the Dungeon)

   Int:       It affects your intelligence (+2).
   Dex:       It affects your dexterity (+4).
   rN:        It protects you from negative energy.
   Stlth:     It makes you less stealthy.
Armour
 a - a +0 leather armour (worn)
Wands
 f - a wand of digging (2) (quivered)
Scrolls
 b - a scroll of fog
 d - a scroll of fear
 g - a scroll of teleportation {unknown}
 h - a scroll of identify {unknown}
Potions
 e - a potion of haste


   Skills:
 + Level 3.4 Fighting
 - Level 1.7 Dodging
 + Level 5.6 Stealth
 + Level 2.4 Unarmed Combat


You couldn't memorise any spells.
You didn't know any spells.
Your spell library was empty.

Dungeon Overview and Level Annotations

Branches:
Dungeon (5/15)
 Temple: D:4-7

Altars:
Nemelex Xobeh

Annotations:
D:4 Menkaure


Innate Abilities, Weirdness & Mutations

You are immune to poison.
You have sharp fingernails.
Your flesh is cold resistant. (rC+)
You are immune to negative energy. (rN+++)
You do not regenerate when monsters are visible.
You are immune to unholy pain and torment.
You thrive by killing the living.


Message History

You kill the jackal!
You feel better. The hobgoblin misses you.
The hobgoblin attacks as you move away!
The hobgoblin hits you but does no damage.
You bludgeon the hobgoblin!!
You kill the hobgoblin!
You feel better.
You see here a hobgoblin corpse.
Found 29 gold pieces.
Found 21 gold pieces.
Found a sparkling altar of Nemelex Xobeh.
Found 21 gold pieces.
Found a stone staircase leading up.
Found 33 gold pieces.
You hear the slow rusting of a distant drain.
Menkaure opens the door.
A hobgoblin comes into view.
The sky beast flickers out of sight!
Found 12 gold pieces.
There is a stone staircase leading up here.
Something hits you. Something shocks you.
Okay, then.
Okay, then.
Okay, then.
You feel yourself speed up. Something hits you. Something shocks you.
* * * LOW HITPOINT WARNING * * *
Menkaure gestures wildly while chanting.
Menkaure seems to speed up.
An adder and a river rat come into view.
A river rat comes into view.
An adder comes into view.
The adder hisses angrily.
Found 8 stones.
The river rat closely misses you. The adder bites you.
* * * LOW HITPOINT WARNING * * *
Found a stone staircase leading down.
A sky beast appears from thin air!
Reactivating autopickup.
The hobgoblin barely misses you. The worm bites you.
You die...

.# #............#,*,,,,**,**,,,,,
.# ####........##.#,,*,...##,**,,
.# ##.......##.#*.*,....#,**,, .#
##.......##.#*.##....,,,,,, >#
#.........#.#*.....#******* .#
*#.###'###...#*#....#~~~*~~~ §#
#..#.$$..#.#.###...~#~#~*~** .#
#..#.$$..#.#w......~#~#~*~*~ §#
#..#.._..#.@......~~~~#~~~~~
.#####..#..$$.#.#g###...~#~#~****
........#.$$$.#S#.# #...~~~#~~~~~
$.##....#######...# #....#~#*****
.#...#...........r###r..~~~#~~~~~
.....#,*..........S......~~#*****
.......,.$..........(.#......,,,,
......####........##..###....,,,,
.....##**#####...##...# *....,,,,


You could see a worm, 2 adders, a river rat and a hobgoblin.

Vanquished Creatures
  A hobgoblin (D:4)
  2 jackals (D:4)
  A quokka (D:4)
4 creatures vanquished.

Notes
Turn   | Place    | Note
-------+----------+-------------------------------------------
     0 | D:5      | AgateBread the Ghoul Delver began the quest for the Orb.
     0 | D:5      | Reached XP level 1. HP: 19/19 MP: 0/0
    89 | D:5      | Noticed an orc wizard
    89 | D:5      | Noticed an orc priest
   103 | D:4      | Noticed a sky beast
   118 | D:4      | Identified the +7 flail of Veosarho {heavy, rN+ Int+2 Dex+4
                  | Stlth-}
   125 | D:4      | Noticed a scorpion
   145 | D:4      | Found a sparkling altar of Nemelex Xobeh.
   146 | D:4      | Noticed Menkaure
   175 | D:4      | Slain by a worm

Illustrated notes

Levels and vault maps discovered:
D:4:      layout_rooms, slow_altar_1, amcnicky_altar_gilded,
          lightli_sewer_entry_pipes, uniq_menkaure
D:5:      layout_cave_pools, mainiacjoe_overflow_chevrons,
          chequers_temple_overflow_minitemple, serial_bayou,
          serial_bayou_pond_a, serial_bayou_pond_d, serial_bayou_ford_a,
          serial_bayou_lagoon_a, serial_bayou_shore_b,
          kennysheep_generic_room_15, uniq_crazy_yiuf_cottage

Action                     || total
---------------------------++-------
  Melee: Flail             ||     4
         Unarmed           ||     4
  Evoke: Wand              ||     1
    Use: Scroll            ||     1
         Potion            ||     1
 Armour: Leather armour    ||     1
  Dodge: Dodged            ||     9
